 Dungeon Crawl Stone Soup version 0.31-a0-986-g5e6e4ef867 (webtiles) character file.

Game seed: 7409328998913520576

166 greenreed the Shield-Bearer (level 5, 0/43 HPs)
             Began as a Formicid Fighter on Nov 23, 2023.
             Slain by a scorpion (3 damage)
             ... on level 4 of the Dungeon.
             The game lasted 00:03:52 (2346 turns).

greenreed the Shield-Bearer (Formicid Fighter)      Turns: 2346, Time: 00:03:52

Health: 0/43       AC:  7    Str: 23    XL:     5   Next: 76%
Magic:  5/5        EV:  9    Int:  7    God:
Gold:   106        SH:  5    Dex: 13    Spells: 4/4 levels left

rFire   . . .        a - +0 trident
rCold   . . .        c - +0 buckler
rNeg    . . .        b - +0 scale mail
rPois   .            (helmet unavailable)
rElec   .            (no cloak)
rCorr   .            (no gloves)
SInv    +            (no boots)
Will    .....        (no amulet) Stlth
                     (no ring)
HPRegen 0.27/turn    (no ring)
MPRegen 0.09/turn

%: no passive effects
@: lethally poisoned (0 -> -10)
A: permanent stasis, dig shafts and tunnels, antennae 3, four strong arms
a: Dig, Shaft Self


You were on level 4 of the Dungeon.
You visited 1 branch of the dungeon, and saw 4 of its levels.

You collected 106 gold pieces.

Inventory:

Hand Weapons
 a - a +0 trident (weapon)
Armour
 b - a +0 scale mail (worn)
 c - a +0 buckler (worn)
Wands
 i - a wand of roots (9)
Scrolls
 e - 3 scrolls of identify {unknown}
 f - a scroll of fear {unknown}
 j - a scroll of fog {unknown}
Potions
 d - a potion of might
 g - a potion of magic {unknown}
 h - a potion of haste {unknown}
 k - a potion of invisibility {unknown}


   Skills:
 * Level 4.5 Fighting
 * Level 3.5 Polearms
 + Level 4.0 Armour
 + Level 4.9 Shields


You had 4 spell levels left.
You didn't know any spells.
Your spell library contained the following spells:

 Spells                   Type           Power      Damage    Failure   Level
 Slow                     Hex            0%         N/A       80%         1
 Confusing Touch          Hex            0%         N/A       99%         3
 Sigil of Binding         Hex            0%         N/A       99%         3
 Vampiric Draining        Necr           0%         2d6       99%         3


Dungeon Overview and Level Annotations

Branches:
Dungeon (4/15)
 Temple: D:4-7

Altars:
Elyvilon
Hepliaklqana

Shops:
D:4 *


Innate Abilities, Weirdness & Mutations

You cannot be hasted, slowed, berserked, paralysed or teleported.
You can dig through walls and to a lower floor.
You have a pair of large antennae on your head. (SInv)
Your four strong arms can wield two-handed weapons with a shield.


Message History

You feel very sick. The scorpion stings you.
You barely miss the scorpion.
You feel sick. The scorpion barely misses you. x2
You hit the scorpion but do no damage.
You feel sick. The scorpion barely misses you.
You barely miss the scorpion.
You feel sick. The scorpion stings you. The scorpion barely misses you.
You are too injured to fight recklessly!
You are too injured to fight recklessly!
You hit the scorpion but do no damage.
You feel sick. The scorpion closely misses you.
You puncture the scorpion!
The scorpion is heavily wounded.
You feel sick.
The scorpion stings you but does no damage.
You hit the scorpion.
The scorpion is severely wounded.
You feel sick.
You are no longer poisoned.
The scorpion stings you but does no damage.
You block the scorpion's attack.
You barely miss the scorpion.
The scorpion is severely wounded.
The scorpion stings you.
* * * LOW HITPOINT WARNING * * *
You are poisoned.
The scorpion poisons you!
You hit the scorpion.
The scorpion is almost dead.
You feel very sick. The scorpion closely misses you. The scorpion stings you.
* * * LOW HITPOINT WARNING * * *
You are lethally poisoned!
The scorpion poisons you!
You closely miss the scorpion.
The scorpion is almost dead.
* * * LOW HITPOINT WARNING * * *
You feel very sick. The scorpion stings you.
You die...

###...........#.
#÷#.#.#.........!
###.###..........
....#÷#.......... .
#.∩.###........### .
#................# ..
#.###............## ..
#s@.....#....###...
###.....#......#...
#.....#........# #.#
#....##..##..###
#.#####........##.##
##....##........##..###
##........#...#..#.)...#
##.....###.#..##..#....#P
#.......####..##.......##


You could see a scorpion.

Vanquished Creatures
  A bullfrog (D:4)
  3 adders
  2 dart slugs
  An orc (D:4)
  5 ball pythons
  7 bats
  6 endoplasms
  2 giant cockroaches
  7 goblins
  5 hobgoblins
  4 jackals (D:1)
  7 kobolds
  5 quokkas
  A frilled lizard (D:1)
  9 rats
65 creatures vanquished.

Notes
Turn   | Place    | Note
-------+----------+-------------------------------------------
     0 | D:1      | greenreed the Formicid Fighter began the quest for the Orb.
     0 | D:1      | Reached XP level 1. HP: 18/18 MP: 1/1
   129 | D:1      | Reached XP level 2. HP: 19/24 MP: 2/2
   494 | D:1      | Reached XP level 3. HP: 20/29 MP: 3/3
  1226 | D:2      | Found a hazy altar of Hepliaklqana.
  1333 | D:2      | Identified the +5 whip of the Special Stories {drain,
                  | rCorr}
  1547 | D:3      | Reached XP level 4. HP: 37/37 MP: 4/4
  1798 | D:3      | Found a white marble altar of Elyvilon.
  2075 | D:4      | Reached XP level 5. HP: 14/42 MP: 5/5
  2193 | D:4      | Noticed a bullfrog
  2209 | D:4      | Killed a bullfrog
  2331 | D:4      | Found Mudde's General Store.
  2346 | D:4      | Slain by a scorpion

Illustrated notes

Levels and vault maps discovered:
D:1:      giann_horns, layout_basic, serial_corexii_hall,
          chequers_hall_statues_y, chequers_hall_statues_corner_a,
          chequers_jeans
D:2:      minmay_skewed_foursquare, layout_basic, basic_altar
D:3:      layout_rooms, lemuel_tele_altar
D:4:      old_forge, layout_cave_pools, kennysheep_little_box, serial_shops,
          nicolae_shop_gibbet_a_chance

Skill      XL: |  1  2  3  4  5 |
---------------+----------------+-----
Fighting       | 4 |  4.5
Polearms       | 3 |  3.5
Armour         | 4 |  4.0
Shields        | |  4.9

Action                     |  1- 3 |  4- 6 || total
---------------------------+-------+-------++-------
  Melee: Trident           |    97 |   121 ||   218
Ability: Dig               |       |     2 ||     2
 Armour: Scale mail        |    42 |    89 ||   131
  Dodge: Dodged            |    40 |    50 ||    90
  Block: Buckler           |    20 |    24 ||    44

Table legend: (Time is in decaauts)
 A = Elapsed time spent in this place.
 B = Non-inter-level travel time spent in this place.
 C = Inter-level travel time spent in this place.
 D = Time resting spent in this place.
 E = Time spent auto-exploring this place.
 F = Levels seen in this place.
 G = Mean time per level.
                   A        B        C        D        E       F      G
               +--------+--------+--------+--------+--------+-----+--------+
         Total |   2386 |   2319 |     67 |    200 |   1658 |   4 |  596.5 |
       Dungeon |   2386 |   2319 |     67 |    200 |   1658 |   4 |  596.5 |
               +--------+--------+--------+--------+--------+-----+--------+

Top non-repeatable levels by time:
     D:1: 1102 daAuts
     D:3: 512 daAuts
     D:2: 447 daAuts
     D:4: 324 daAuts
